Map: Ulrena

Players

ILLBdA

  • Race: Protoss Protoss
  • League: Diamond

vine - Winner!

  • Race: Protoss Protoss

VOD

Have the link to the VOD?

Description

Time

  • Played on: Dec. 23, 2015, 9:13 a.m.
  • Length: 11:56
Show
View Real Time Build Order
Export as new Build Order

ILLBdA Protoss 

Build Orders: Blink Stalkers 

Get SALT Encoding   

  12  0:01  Probe (Chrono Boost)  
  13  0:11  Probe (Chrono Boost)  
  14  0:19  Pylon  
  14  0:23  Probe (Chrono Boost)  
  15  0:37  Probe (Chrono Boost), Forge  
  16  0:48  Probe (Chrono Boost)  
  17  1:13  Gateway  
  17  1:15  Probe (Chrono Boost), Assimilator  
  19  1:25  Probe (Chrono Boost)  
  19  1:27  Pylon  
  19  1:29  Pylon  
  19  1:36  Probe (Chrono Boost)  
  20  1:56  Probe (Chrono Boost)  
  20  2:00  Cybernetics Core  
  21  2:03  Assimilator  
  21  2:05  Pylon  
  21  2:07  Probe (Chrono Boost)  
  21  2:11  Zealot (Chrono Boost)  
  23  2:19  Probe  
  25  2:37  Stalker (Chrono Boost)  
  25  2:42  Mothership Core (Chrono Boost)  
  28  2:52  Pylon  
  28  3:00  Probe (Chrono Boost)  
  28  3:01  Nexus  
  29  3:11  Probe (Chrono Boost), Warp Gate  
  30  3:13  Twilight Council  
  30  3:19  Pylon  
  30  3:21  Probe (Chrono Boost)  
  31  3:37  Stalker, Pylon  
  31  3:39  Probe (Chrono Boost)  
  34  3:50  Blink (Chrono Boost)  
  34  4:07  Probe  
  35  4:15  Probe  
  36  4:20  Gateway  
  36  4:23  Protoss Ground Weapons Level 1 (Chrono Boost)  
  36  4:28  Gateway  
  36  4:33  Probe, Gateway  
  37  4:43  Stalker  
  39  4:47  Probe  
  39  4:49  Probe  
  41  5:17  Stalker  
  43  5:23  Stalker x2  
  47  5:31  Stalker  
  47  5:32  Gateway  
  47  5:34  Gateway  
  49  5:44  Probe  
  49  5:47  Assimilator  
  49  5:49  Stalker x2  
  54  5:50  Stalker  
  56  6:05  Probe  
  56  6:06  Probe  
  58  6:13  Robotics Facility  
  58  6:17  Probe  
  59  6:23  Charge  
  59  6:26  Zealot  
  59  6:32  Pylon  
  61  6:34  Assimilator  
  61  6:42  Probe  
  61  6:45  Pylon  
  62  6:47  Protoss Ground Weapons Level 2 (Chrono Boost)  
  62  6:50  Zealot x2  
  62  6:51  Zealot  
  68  7:00  Warp Prism  
  70  7:16  Zealot x3  
  76  7:32  Probe  
  76  7:35  Probe  
  78  7:37  Templar Archives  
  78  7:48  Pylon  
  78  7:51  Pylon  
  78  8:04  Probe  
  78  8:06  Probe  
  74  8:20  High Templar x3  
  74  8:21  High Templar x2  
  74  8:24  Pylon  
  74  8:26  Pylon, Archon x2  
  84  8:27  High Templar  
  84  8:31  Archon  
  86  8:47  Gateway  
  86  8:49  Gateway  
  86  8:50  Gateway  
  86  8:54  High Templar  
  86  8:55  Zealot x2, High Templar  
  90  8:59  Nexus, Archon  
  90  9:00  Observer, Pylon  
  95  9:03  Zealot x2  
  99  9:14  Probe  
  100  9:19  Pylon  
  100  9:22  Zealot x2  
  104  9:25  High Templar x2  
  104  9:29  Archon  
  108  9:41  Zealot x3  
  114  9:52  Zealot x4  
  97  10:13  Adept x6  
  109  10:30  High Templar x2  
  110  10:42  Probe  
  110  10:46  Assimilator  
  110  10:49  Assimilator  
  110  10:50  High Templar x3  
  110  10:52  Zealot x4  
  110  10:54  Probe  
  110  10:55  Probe x2  
  122  11:02  Archon  
  122  11:03  High Templar  
  125  11:07  Archon  
  125  11:09  Probe  
  125  11:10  Probe x2, Archon  
  128  11:20  Probe x2  
  128  11:21  Probe  
  131  11:27  Robotics Bay  
  131  11:46  Zealot  
  131  11:47  Zealot x3  
  133  11:48  Zealot  
Show
View Real Time Build Order
Export as new Build Order

vine Protoss - Winner!

Build Orders: 1 Gate Expand 

Get SALT Encoding   

  12  0:00  Probe (Chrono Boost)  
  13  0:11  Probe (Chrono Boost)  
  14  0:21  Pylon  
  14  0:22  Probe (Chrono Boost)  
  15  0:39  Probe (Chrono Boost)  
  15  0:41  Gateway  
  16  0:49  Assimilator  
  16  0:50  Probe (Chrono Boost)  
  17  1:01  Probe (Chrono Boost)  
  18  1:19  Nexus  
  18  1:25  Probe (Chrono Boost)  
  19  1:35  Zealot  
  21  2:02  Cybernetics Core  
  21  2:05  Probe (Chrono Boost)  
  21  2:07  Assimilator  
  22  2:25  Probe (Chrono Boost)  
  23  2:31  Probe (Chrono Boost)  
  23  2:36  Probe (Chrono Boost)  
  25  2:46  Probe (Chrono Boost)  
  25  2:47  Mothership Core (Chrono Boost)  
  25  2:48  Pylon  
  28  2:53  Zealot  
  28  2:57  Pylon  
  30  3:00  Warp Gate (Chrono Boost)  
  30  3:03  Probe (Chrono Boost)  
  30  3:05  Probe (Chrono Boost)  
  32  3:13  Probe (Chrono Boost)  
  32  3:15  Probe (Chrono Boost)  
  32  3:17  Assimilator  
  34  3:24  Probe (Chrono Boost)  
  34  3:26  Probe (Chrono Boost)  
  36  3:30  Stalker  
  38  3:43  Probe (Chrono Boost)  
  38  3:44  Probe (Chrono Boost)  
  40  3:50  Robotics Facility  
  40  3:51  Gateway  
  40  3:53  Probe, Gateway  
  41  3:57  Assimilator  
  41  3:59  Probe  
  42  4:03  Probe  
  42  4:06  Sentry  
  45  4:11  Probe  
  45  4:14  Probe  
  47  4:17  Pylon  
  47  4:23  Probe  
  48  4:25  Probe  
  49  4:34  Pylon  
  49  4:36  Probe  
  50  4:39  Observer (Chrono Boost)  
  50  4:43  Probe  
  52  4:47  Forge  
  52  4:48  Probe  
  53  4:53  Probe  
  53  4:56  Immortal (Chrono Boost)  
  53  4:59  Stalker  
  60  5:00  Stalker  
  60  5:02  Stalker  
  60  5:05  Probe  
  65  5:07  Probe  
  66  5:19  Protoss Ground Weapons Level 1 (Chrono Boost)  
  66  5:24  Probe x2  
  66  5:27  Pylon  
  68  5:33  Sentry  
  70  5:40  Immortal  
  68  5:44  Sentry  
  68  5:47  Probe  
  68  5:48  Pylon  
  75  5:51  Pylon  
  75  5:52  Pylon  
  75  6:07  Stalker x3  
  81  6:14  Immortal  
  81  6:20  Nexus  
  85  6:27  Robotics Bay  
  85  6:28  Pylon  
  85  6:31  Stalker x2  
  89  6:41  Pylon  
  89  6:43  Gateway  
  89  6:46  Probe x2  
  91  6:48  Gateway  
  91  6:53  Stalker  
  93  7:05  Twilight Council, Protoss Ground Armor Level 1 (Chrono Boost)  
  93  7:15  Gateway, Disruptor  
  93  7:20  Gravitic Drive  
  96  7:31  Probe  
  96  7:32  Probe x2  
  99  7:37  Assimilator  
  99  7:40  Robotics Facility, Assimilator  
  99  7:46  Disruptor, Blink (Chrono Boost)  
  101  7:57  Gateway  
  104  7:59  Pylon  
  102  8:09  Zealot  
  102  8:10  Zealot x3  
  104  8:22  Warp Prism (Chrono Boost)  
  106  8:28  Probe x2  
  106  8:32  Pylon  
  108  8:35  Disruptor (Chrono Boost), Pylon  
  108  8:39  Stalker  
  108  8:40  Stalker x5  
  123  9:03  Stalker x3  
  123  9:04  Stalker x2  
  123  9:06  Photon Cannon x2  
  133  9:10  Photon Cannon  
  136  9:17  Disruptor (Chrono Boost)  
  136  9:18  Disruptor (Chrono Boost)  
  136  9:23  Stalker  
  136  9:24  Stalker  
  143  9:34  Stalker x2  
  130  9:54  Stalker  
  130  9:55  Stalker x2  
  99  10:04  Disruptor (Chrono Boost)  
  99  10:05  Disruptor (Chrono Boost)  
  97  10:09  Templar Archives, Stalker x3  
  97  10:10  Stalker x2  
  107  10:28  Stalker  
  107  10:29  Zealot  
  107  10:33  Zealot  
  107  10:34  Zealot  
  113  10:45  Stalker x2  
  113  10:48  Disruptor  
  113  10:49  Disruptor  
  123  10:53  Sentry  
  123  10:54  Stalker x3  
  123  10:56  Probe  
  132  11:05  Photon Cannon  
  132  11:09  Photon Cannon  
  132  11:14  Stalker  
  134  11:34  Pylon  
  134  11:43  Stalker x5  
Tags
 
Composition
Blink Stalkers
League
Diamond
Matchup
PvP
Replay Pack
me
Add a new tag
Caveats
  • Supply blocks, unpowered buildings, or Contaminate may cause inaccurate times.
  • Supply counts are checked every 10 seconds.